Match 45213289
Unlisted

Match 45213289
End
Scout Squad
Construct Barracks
Selects Advanced Infantry Battlegroup
Riflemen Squad
Riflemen Squad
Grenade Package
Riflemen Squad
Construct Medical Station
Selects Ammunition Storage
Infantry Support Center
AI Takeover
Elegant_Downfall
TIE avenger
Quack
오렌지플래닛
我小叮当今晚要搞事!
AI
Blaston
吃饭没没吃饭吃我两拳
0
0

Comments sign in to comment!

No comments posted yet!